 Dungeon Crawl Stone Soup version 0.29.1-15-g9cfb28693d (webtiles) character file.

Game seed: 16613998450034236429

42612651 middlethird the Archmage (level 27, 273/273 HPs)
             Began as a Meteoran Earth Elementalist on Mar 27, 2023.
             Was the Champion of Cheibriados.
             Escaped with the Orb
             ... and 15 runes on Mar 31, 2023!
             The game lasted 15:10:23 (34226 turns).

middlethird the Archmage (MeEE)                    Turns: 34226, Time: 15:10:24

Health: 273/273    AC: 44    Str: 25    XL:     27
Magic:  55/55      EV: 65    Int: 51    God:    Cheibriados [******]
Gold:   1835       SH: 49    Dex: 52    Spells: 1/80 levels left

rFire   + + +      SeeInvis +   b - +9 demon blade (pain)
rCold   + + +      Faith    .   s - +8 tower shield {rC+}
rNeg    + + +      Spirit   .   l - +7 faerie dragon scales {+Inv rPois rF+ rCorr}
rPois   ∞          Reflect  +   e - +2 helmet {SInv}
rElec   +          Harm     .   W - +2 cloak {Will+}
rCorr   +          Rampage  .   c - +2 pair of gloves {Dex+3}
Will    +++++                   g - +3 pair of mountain boots {steadfast, rC+}
Stlth   +.........              y - amulet "Hufotyv" {Reflect +Inv Int+3 Dex+3 SH+5 Stlth-}
HPRegen 0.55/turn               x - ring "Joedikec" {*Corrode rElec rF+ Int+3 Dex+6}
MPRegen 0.34/turn               r - ring "Burah" {Int+3 Dex+4 SInv Stlth-}

@: lich-form, glowing, studying Throwing, very slow
A: draining attack, torment immunity, no potions, sense surroundings 3,
otherworldly, glowing, explore regen, iridescent scales 1, fire resistance 1
0: Orb of Zot
}: 15/15 runes: decaying, serpentine, slimy, silver, golden, iron, obsidian,
icy, bone, abyssal, demonic, glowing, magical, fiery, dark
a: End Transformation, Renounce Religion, Evoke Invisibility, Bend Time,
Temporal Distortion, Slouch, Step From Time


You escaped.
You worshipped Cheibriados.
Cheibriados was exalted by your worship.
You were an undead lich.
You visited 17 branches of the dungeon, and saw 87 of its levels.
You visited Pandemonium 1 time, and saw 17 of its levels.
You visited the Abyss 1 time.
You also visited: Trove, Sewer, Bailey, Ice Cave and Volcano.

You collected 7712 gold pieces.
You spent 5877 gold pieces at shops.

Inventory:

Hand Weapons
 a - a +9 demon blade of flaming
 b - a +9 demon blade of pain (weapon)
 f - a +6 vorpal demon blade
 w - the +7 dagger "Zigup" {pain, rElec rN+}
   (You found it on level 4 of the Dungeon)

   In the hands of one skilled in necromantic magic, it inflicts extra damage on
   living creatures.
   rElec:     It insulates you from electricity.
   rN:        It protects you from negative energy.
 L - the +7 Spriggan's Knife {stab, EV+4 Stlth+}
   (You found it on level 3 of the Elven Halls)

   It is more effective when stabbing unaware enemies, sometimes treating them
   as though they were completely helpless.
   EV:        It affects your evasion (+4).
   Stlth:     It makes you more stealthy.
Missiles
 A - 27 curare-tipped darts
 B - 14 boomerangs
 C - 10 javelins (quivered)
 D - 3 silver boomerangs
 E - 13 boomerangs of dispersal
Armour
 c - a +2 pair of gloves of dexterity (worn)
 e - a +2 helmet of see invisible (worn)
 g - the +3 pair of mountain boots (worn) {steadfast, rC+}
   (You found it in a volcano)

   It prevents involuntary movement, except for blinking, teleportation, or
   banishment.
   rC:        It protects you from cold.
 l - the +7 faerie dragon scales (worn) {+Inv rPois rF+ rCorr}
   (You took it off the Enchantress on level 1 of the Depths)

   rF:        It protects you from fire.
   rPois:     It protects you from poison.
   +Inv:      It lets you turn invisible.
   rCorr:     It protects you from acid and corrosion.
 s - a +8 tower shield of cold resistance (worn)
 W - a +2 cloak of willpower (worn)
Jewellery
 h - a ring of willpower
 q - a ring of positive energy
 r - the ring "Burah" (right hand) {Int+3 Dex+4 SInv Stlth-}
   (You found it on level 5 of the Pits of Slime)

   [ring of see invisible]

   Int:       It affects your intelligence (+3).
   Dex:       It affects your dexterity (+4).
   SInv:      It lets you see invisible.
   Stlth:     It makes you less stealthy.
 x - the ring "Joedikec" (left hand) {*Corrode rElec rF+ Int+3 Dex+6}
   (You took it off an ogre mage on level 5 of the Vaults)

   [ring of dexterity]

   Int:       It affects your intelligence (+3).
   Dex:       It affects your dexterity (+6).
   rF:        It protects you from fire.
   rElec:     It insulates you from electricity.
   *Corrode:  It may corrode you when you take damage.
 y - the amulet "Hufotyv" (around neck) {Reflect +Inv Int+3 Dex+3 SH+5 Stlth-}
   (You found it on level 5 of the Pits of Slime)

   [amulet of reflection]

   It reflects blocked missile attacks.
   Int:       It affects your intelligence (+3).
   Dex:       It affects your dexterity (+3).
   +Inv:      It lets you turn invisible.
   SH:        It affects your SH (+5).
   Stlth:     It makes you less stealthy.
 H - the ring "Zusone" {Str+5 Int+4 Dex+6 Slay-4}
   (You found it on level 7 of the Iron City of Dis)

   [ring of dexterity]

   Str:       It affects your strength (+5).
   Int:       It affects your intelligence (+4).
   Dex:       It affects your dexterity (+6).
   Slay:      It affects your accuracy & damage with ranged weapons and melee
   (-4).
 J - a ring of flight
 O - the ring of Hepliaklqana's Pride {rF+ rC+ Dex+5 Stlth+}
   (You took it off a naga warrior on level 4 of the Snake Pit)

   [ring of protection from fire]

   Dex:       It affects your dexterity (+5).
   rF:        It protects you from fire.
   rC:        It protects you from cold.
   Stlth:     It makes you more stealthy.
Wands
 n - a wand of iceblast (28)
 G - a wand of digging (15)
 S - a wand of acid (56)
Scrolls
 d - a scroll of enchant armour
 t - 9 scrolls of teleportation
 u - 12 scrolls of fog
 v - a scroll of fear
 z - 3 scrolls of immolation
 U - 4 scrolls of silence
 V - 4 scrolls of summoning
Potions
 i - 25 potions of mutation
 k - 5 potions of cancellation
 m - 10 potions of resistance
 o - 20 potions of curing
 p - 8 potions of heal wounds
 K - 5 potions of might
 P - 15 potions of attraction
 Q - 4 potions of magic
 T - 4 potions of brilliance
Miscellaneous
 Y - a condenser vane
 Z - a phantom mirror


   Skills:
 O Level 27 Fighting
 - Level 24.0 Long Blades
 - Level 18.0 Throwing
 + Level 23.2 Armour
 O Level 27 Dodging
 - Level 2.0 Stealth
 O Level 27 Shields
 O Level 27 Spellcasting
 - Level 12.0 Conjurations
 - Level 18.0 Necromancy
 - Level 6.0 Translocations
 - Level 12.0 Transmutations
 - Level 18.0 Fire Magic
 - Level 24.0 Earth Magic
 - Level 18.0 Invocations


You had one spell level left.
You knew the following spells:

 Your Spells              Type           Power      Damage    Failure   Level
a - Passwall              Tmut/Erth      100%       N/A       0%          2
b - Infestation           Necr           77%        N/A       1%          8
d - Lee's Rapid Deconstr  Erth           71%        3d33*     0%          5
e - Borgnjor's Vile Clut  Necr/Erth      81%        N/A       0%          5
f - Iron Shot             Conj/Erth      64%        9d12      0%          6
g - Lehudib's Crystal Sp  Conj/Erth      64%        10d15     1%          8
h - Shatter               Erth           71%        3d52*     1%          9
i - Apportation           Tloc           100%       N/A       0%          1
j - Blink                 Tloc           100%       N/A       1%          2
k - Lesser Beckoning      Tloc           92%        N/A       1%          3
l - Iskenderun's Mystic   Conj/Tloc      100%       2d19      1%          4
m - Passage of Golubria   Tloc           92%        N/A       1%          4
n - Ignition              Fire           64%        3d17      1%          8
o - Death Channel         Necr           77%        N/A       0%          6
p - Necromutation         Tmut/Necr      73%        N/A       2%          8

Your spell library contained the following spells:

 Spells                   Type           Power      Damage    Failure   Level
 Beastly Appendage        Tmut           100%       N/A       0%          1
 Foxfire                  Conj/Fire      100%       2x1d9     0%          1
 Magic Dart               Conj           100%       1d8       0%          1
 Necrotise                Necr           100%       1d9       0%          1
 Sandblast                Erth           100%       2d20      0%          1
 Sting                    Tmut/Pois      100%       1d8       0%          1
 Slow                     Hex            100%       N/A       1%          1
 Scorch                   Fire           100%       2d10      0%          2
 Searing Ray              Conj           100%       2d8       0%          2
 Wereblood                Tmut           100%       N/A       0%          2
 Conjure Flame            Conj/Fire      100%       6-21      0%          3
 Ignite Poison            Fire/Tmut/Pois 100%       N/A       0%          3
 Inner Flame              Hex/Fire       100%       N/A       0%          3
 Stone Arrow              Conj/Erth      100%       3d13      0%          3
 Vampiric Draining        Necr           100%       2d13      0%          3
 Animate Armour           Summ/Erth      100%       N/A       0%          4
 Animate Dead             Necr           100%       N/A       0%          4
 Dispel Undead            Necr           100%       3d31      0%          4
 Flame Wave               Conj/Fire      100%       2d21      0%          4
 Leda's Liquefaction      Hex/Erth       56%        N/A       0%          4
 Petrify                  Tmut/Erth      100%       N/A       0%          4
 Sticky Flame             Conj/Fire      100%       2d11      0%          4
 Agony                    Necr           100%       N/A       0%          5
 Fireball                 Conj/Fire      61%        3d23      0%          5
 Statue Form              Tmut/Erth      86%        N/A       0%          6
 Call Imp                 Summ           62%        N/A       1%          2
 Ensorcelled Hibernation  Hex/Ice        100%       N/A       1%          2
 Poisonous Vapours        Pois/Air       100%       N/A       1%          2
 Static Discharge         Conj/Air       92%        3-15/arc  1%          2
 Call Canine Familiar     Summ           62%        N/A       1%          3
 Confusing Touch          Hex            62%        N/A       1%          3
 Dazzling Flash           Conj/Hex       100%       N/A       1%          3
 Gell's Gravitas          Tloc           92%        N/A       1%          3
 Mephitic Cloud           Conj/Pois/Air  83%        N/A       1%          3
 Ozocubu's Armour         Ice            62%        N/A       1%          3
 Portal Projectile        Hex/Tloc       100%       N/A       1%          3
 Spider Form              Tmut/Pois      92%        N/A       1%          3
 Summon Guardian Golem    Hex/Summ       62%        N/A       1%          3
 Swiftness                Air            62%        N/A       1%          3
 Teleport Other           Tloc           92%        N/A       1%          3
 Tukima's Dance           Hex            62%        N/A       1%          3
 Airstrike                Air            31%        2d(5-21)  1%          4
 Anguish                  Hex/Necr       63%        N/A       1%          4
 Cause Fear               Hex            31%        N/A       1%          4
 Corpse Rot               Necr/Pois/Air  100%       N/A       1%          4
 Fulminant Prism          Conj/Hex       46%        3d21      1%          4
 Hailstorm                Conj/Ice       92%        3d18      1%          4
 Ice Form                 Ice/Tmut       92%        N/A       1%          4
 Alistair's Intoxication  Tmut/Pois      61%        N/A       1%          5
 Blade Hands              Tmut           56%        N/A       1%          5
 Freezing Cloud           Conj/Ice/Air   41%        6-21      1%          5
 Irradiate                Conj/Tmut      56%        3d30      1%          5
 Lightning Bolt           Conj/Air       46%        1d66      1%          5
 Manifold Assault         Tloc           92%        N/A       1%          5
 Summon Forest            Summ/Tloc      39%        N/A       1%          5
 Yara's Violent Unravell  Hex/Tmut       46%        3d18      1%          5
 Conjure Ball Lightning   Conj/Air       46%        3x3d16    1%          6
 Dispersal                Tloc           46%        N/A       1%          6
 Eringya's Noxious Bog    Tmut/Pois      46%        N/A       1%          6
 Simulacrum               Ice/Necr       63%        N/A       1%          6
 Starburst                Conj/Fire      61%        6d16      1%          6
 Dragon Form              Tmut           56%        N/A       1%          7
 Orb of Destruction       Conj           56%        9d14      1%          7
 Summon Mana Viper        Hex/Summ       62%        N/A       4%          5
 Death's Door             Necr           77%        N/A       10%         9
 Spellforged Servitor     Conj/Summ      46%        N/A       12%         7
 Summon Cactus Giant      Summ           31%        N/A       24%         6
 Fire Storm               Conj/Fire      61%        8d15      34%         9
 Disjunction              Tloc           46%        N/A       65%         8
 Ozocubu's Refrigeration  Ice            31%        4d14      80%         7
 Discord                  Hex            31%        N/A       100%        8
 Maxwell's Capacitive Co  Air            31%        ∞         100%        8


Dungeon Overview and Level Annotations

Branches:
Dungeon (15/15)            Temple (0/1) D:4            Lair (5/5) D:8
  Swamp (4/4) Lair:2        Snake (4/4) Lair:2        Slime (5/5) Lair:4
    Orc (2/2) D:10            Elf (3/3) Orc:2        Vaults (5/5) D:14
  Crypt (3/3) Vaults:2       Tomb (3/3) Crypt:3      Depths (4/4) D:15
   Hell (visited)             Dis (7/7) Hell            Geh (7/7) Hell
    Coc (7/7) Hell            Tar (7/7) Hell            Zot (5/5) Depths:4
  Sewer (visited)          Bailey (visited)           IceCv (visited)
Volcano (visited)

Altars:
Cheibriados
Gozag
Kikubaaqudgha
Okawaru
Qazlal
Trog
Uskayaw
Vehumet
Wu Jian
Xom
The Shining One
Jiyva

Shops:
D:2 !   D:4 *   D:7 ?   D:13 *   Orc:2 ??=[   Elf:1 :   Elf:2 *   Snake:1 !
Snake:3 :   Snake:4 *=**   Vaults:2 *!   Vaults:3 *   Vaults:4 (   Vaults:5 (
Depths:2 *

Portals:
Hell: Depths:1 Depths:2 Depths:3 Depths:4
Abyss: Depths:1 Depths:3
Pandemonium: Depths:2
Ziggurat: Depths:1

Annotations:
D:15 !not done!
Slime:2 Donald
Slime:4 Dissolution
Vaults:4 Angmar's ghost, veteran DrAE


Innate Abilities, Weirdness & Mutations

You are an undead lich.
Your unarmed attacks are suffused with negative energy.
You are immune to unholy pain and torment.
Your necromantic spells are more powerful.
You cannot drink.
You are immune to poison.
You passively map a large area around you.
You are easily found by Zot.
You glow in the dark.
You regain HP and MP as you explore.
You are partially covered in iridescent scales. (AC +2)
Your flesh is heat resistant. (rF+)


Message History

You block the giant cockroach's attack. You block the giant cockroach's attack.
The giant cockroach attacks as you move away!
You block the giant cockroach's attack.
Your transformation is almost over.
You block the giant cockroach's attack. x2
The giant cockroach attacks as you move away!
You block the giant cockroach's attack. x2
The giant cockroach attacks as you move away!
You block the giant cockroach's attack. x3
The giant cockroach attacks as you move away!
You block the giant cockroach's attack. x2
The giant cockroach attacks as you move away!
You block the giant cockroach's attack.
You feel yourself come back to life. You block the giant cockroach's attack.
The giant cockroach attacks as you move away!
You block the giant cockroach's attack. x2; The giant cockroach misses you.
Casting: Passwall (safe; 0% risk of failure)
Confirm with . or Enter, or press ? or * to list all spells.
Your body is suffused with negative energy!
You block the giant cockroach's attack. You block the giant cockroach's attack.
You block the giant cockroach's attack. x2
You block the giant cockroach's attack.
The giant cockroach attacks as you move away!
You block the giant cockroach's attack. x3
You block the giant cockroach's attack.
There is an open door here.
You block the giant cockroach's attack.
You block the giant cockroach's attack. x2
You block the giant cockroach's attack.
The giant cockroach attacks as you move away!
You block the giant cockroach's attack. x3
The giant cockroach attacks as you move away!
You block the giant cockroach's attack.
You block the giant cockroach's attack. x2
There is a staircase leading out of the dungeon here.
You block the giant cockroach's attack.
You have escaped!

##### ♣~.L#
♣♣.B# ♣P.~#
#♣..P# ####P..♣#
#..'..~P#
##.##♣.♣♣# #####
###..##~.♣ *
....###.....##'#


You could see a giant cockroach.

Vanquished Creatures
  Cerebov (Pan)
  Antaeus (Coc:7)
  Asmodeus (Geh:7)
  the Royal Jelly (Slime:5)
  Ereshkigal (Tar:7)
  Gloorx Vloq (Pan)
  Lom Lobon (Pan)
  the Serpent of Hell (Geh:7)
  4 seraphim
  Mnoleg (Pan)
  Dispater (Dis:7)
  2 ancient liches
  A dread lich (Vaults:5)
  Mennas (Tomb:3)
  A juggernaut (Dis:7)
  Josephina (Depths:3)
  A Killer Klown (Zot:5)
  22 royal mummies
  Boris (Tomb:3)
  the Lernaean hydra (Swamp:4)
  6 shard shrikes
  A curse toe (Crypt:3)
  Geryon (Hell)
  34 caustic shrikes
  5 bone dragons
  the Enchantress (Depths:1)
  5 golden dragons
  6 profane servitors
  Nikola (Depths:2)
  13 Tzitzimimeh
  5 pandemonium lords
  3 doom hounds
  9 Brimstone Fiends
  A spectral shard shrike (Tar:6)
  18 iron giants
  5 hellephants
  21 Hell Sentinels
  9 tentacled monstrosities
  Mlioglotl (Snake:4)
  17 searing wretches
  20 Ice Fiends
  13 liches
  2 deep elf blademasters
  8 tainted leviathans (Tar:7)
  26 Orb Guardians
  5 quicksilver dragons
  A deep elf master archer (Elf:3)
  13 acid blobs
  The ghost of Vulomepn the Severer, an adept HOBe of Trog (Depths:3)
  13 titans
  A death cob (Zot:5)
  5 tentacled starspawn
  24 ancient champions
  11 Executioners
  4 shadow dragons
  13 tengu reavers
  A thorn hunter (Abyss:4)
  Agnes (D:15)
  3 revenants
  6 sphinxes
  6 nagarajas (Snake:4)
  6 storm dragons
  2 daevas
  24 azure jellies
  5 rockslimes (Slime:5)
  5 demonspawn warmongers
  26 narguns
  16 fire giants
  8 frost giants
  2 draconian knights (Zot:5)
  A spectral caustic shrike (Tar:4)
  7 iron dragons
  2 draconian scorchers
  8 vault wardens
  4 deep elf sorcerers
  32 balrugs
  11 quicksilver elementals
  5 ghouls
  2 spectral juggernauts
  6 angels
  5 curse skulls
  11 cacodemons
  A ghost moth (Abyss:4)
  2 draconian shifters (Zot:5)
  10 ironbound preservers
  33 war gargoyles
  2 shard shrike simulacra
  2 demonspawn blood saints (Pan)
  A caustic shrike skeleton (Hell)
  5 deep elf elementalists (Elf:3)
  3 demonspawn corrupters
  13 stone giants
  8 reapers
  35 very ugly things
  3 spriggan defenders (Depths:1)
  5 quicksilver oozes (Slime:5)
  A draconian annihilator (Pan)
  4 ironbound thunderhulks
  7 vampire knights
  18 elemental wellsprings
  17 bennus
  2 white draconians
  6 deep elf demonologists
  6 lorocyprocas
  11 putrid mouths
  11 dire elephants
  A spectral titan (Tar:4)
  15 wendigos
  2 bunyips
  5 spark wasps
  A black draconian (Zot:5)
  2 purple draconians (Zot:5)
  An eleionoma (Swamp:2)
  A demonspawn black sun (Pan)
  A yellow draconian (Zot:5)
  8 deep elf annihilators
  An entropy weaver (Vaults:2)
  Azrael (Elf:2)
  A jiangshi (Crypt:3)
  Snorg (Lair:5)
  7 eidola
  10 blizzard demons
  7 green deaths (Pan)
  9 ettins
  A merfolk javelineer (Depths:2)
  25 iron golems
  A crystal guardian (Vaults:3)
  3 deep elf high priests
  3 fire dragons
  10 deep elf death magi
  A fire dragon (shapeshifter) (Abyss:4)
  A spectral fenstrider witch (Tar:1)
  The ghost of mkat the Fighter, a journeyman DsBe of Trog (Lair:1)
  A spectral spriggan (Tar:1)
  16 mummy priests
  10 yaktaur captains
  2 spriggan zombies
  A kraken zombie (Hell)
  11 rakshasas
  4 shambling mangroves
  Erolcha (D:12)
  Harold (D:10)
  4 hell beasts
  27 vault guards
  Erica (Lair:2)
  4 boulder beetles
  12 great orbs of eyes
  16 salamander tyrants
  A spriggan air mage (Depths:1)
  7 caustic shrike simulacra
  3 ogre magi
  2 peacekeepers
  20 hydras
  9 ice dragons
  3 juggernaut simulacra
  A fenstrider witch skeleton (Pan)
  2 catoblepae
  12 centaur warriors
  4 stokers
  8 ironbound frosthearts
  4 two-headed ogres
  A satyr (Abyss:4)
  12 naga warriors
  A death knight (D:14)
  11 anacondas
  29 dancing weapons
  7 deep troll shamans
  3 tengu warriors
  5 alligators
  11 death yaks
  3 deep troll earth magi (Depths:3)
  22 death scarabs
  28 hell hogs
  An orc high priest (Elf:3)
  A spectral dire elephant (Lair:5)
  8 naga sharpshooters
  23 spriggans
  The ghost of AverageBear the Cleaver, a novice DsFi of Gozag (D:9)
  9 thrashing horrors (Abyss:4)
  5 hell knights
  3 vampire magi
  2 spectral nagas (Tar:1)
  12 shock serpents
  6 spriggan berserkers
  22 crystal echidnas
  53 sun demons
  23 deep elf knights
  Nergalle (D:12)
  14 soul eaters
  42 skeletal warriors
  8 wretched stars
  A salamander mystic (Snake:2)
  A goliath frog (Swamp:4)
  19 shadow wraiths
  5 sixfirhies
  5 spriggan druids
  A storm dragon skeleton (Pan)
  A spectral death yak (Lair:5)
  A spectral anaconda (Lair:5)
  An anaconda zombie (Hell)
  A goliath frog (shapeshifter) (Depths:3)
  23 large abominations
  3 quicksilver dragon simulacra (Coc:7)
  An orb spider (Abyss:4)
  5 sea snakes (Snake:4)
  44 deep trolls
  4 iron trolls
  2 flayed ghosts
  8 shadow demons
  5 cherubim
  An orange crystal statue (IceCv)
  7 swamp dragons
  5 starcursed masses (Abyss:4)
  3 spriggan simulacra
  A shadow dragon zombie (Tomb:1)
  9 lindwurms
  5 bog bodies
  A harpy (shapeshifter) (Depths:3)
  15 wizards
  An obsidian statue (Lair:5)
  9 glowing orange brains
  A spectral iron dragon (Tar:1)
  5 naga ritualists
  A tengu zombie (Depths:3)
  16 deep elf archers
  12 ironbound convokers
  6 phantasmal warriors
  A sphinx zombie (Depths:2)
  25 deep elf zephyrmancers
  9 necromancers
  An iron dragon zombie (Crypt:1)
  29 deep elf pyromancers
  2 fenstrider witch simulacra (Coc:1)
  4 orc knights
  A frost giant zombie (Depths:3)
  2 will-o-the-wisps
  11 orc sorcerers
  7 mana vipers
  A cyclops (shapeshifter) (Vaults:4)
  A sphinx skeleton (Crypt:2)
  A spectral ettin (Tar:3)
  36 ugly things
  A spectral centaur (Tar:1)
  2 worldbinders
  8 cyclopes
  5 salamanders
  2 manticores (D:14)
  6 toenail golems
  2 shining eyes (Slime:5)
  5 moths of wrath
  9 guardian serpents
  36 black mambas
  2 stone giant skeletons
  3 ice statues (Coc:7)
  5 rust devils
  2 frost giant skeletons
  2 apocalypse crabs
  5 titan simulacra
  14 vault sentinels
  5 eyes of devastation
  9 naga magi
  A torpor snail (Lair:4)
  13 elephants
  12 smoke demons
  6 unseen horrors
  11 molten gargoyles
  13 cane toads
  2 komodo dragons (shapeshifter)
  4 centaur skeletons
  2 demonic crawlers (Pan)
  A rime drake (shapeshifter) (Depths:3)
  2 gargoyles
  A naga skeleton (Pan)
  6 orange demons
  A dire elephant skeleton (Lair:5)
  18 tormentors
  23 hellions
  18 rime drakes
  3 efreet
  A bunyip simulacrum (Coc:1)
  3 kobold demonologists
  6 freezing wraiths
  A yellow draconian skeleton (Crypt:3)
  3 ice devils
  8 komodo dragons
  31 guardian mummies
  A spark wasp simulacrum (Depths:3)
  2 anaconda simulacra
  17 yaktaurs
  6 hellwings
  4 tengu conjurers
  2 alligator snapping turtle skeletons
  A harpy zombie (Tomb:3)
  2 red devils
  3 iron giant simulacra
  4 tyrant leeches
  A silent spectre (Tar:3)
  3 spectral harpies
  5 trolls
  A golden dragon simulacrum (Coc:5)
  21 polar bears
  3 ancient zymes
  A bloated husk (Swamp:3)
  A polar bear (shapeshifter) (Depths:3)
  A tyrant leech (shapeshifter) (Vaults:5)
  11 wind drakes (Pan)
  2 trolls (shapeshifter) (Depths:3)
  A wolf spider simulacrum (D:15)
  A tengu simulacrum (Depths:3)
  3 meliai (D:13)
  22 hornets
  5 dream sheep
  57 slime creatures
  A shadow dragon simulacrum (Coc:1)
  A blink frog (shapeshifter) (Elf:3)
  19 blink frogs
  A spectral elephant (Lair:5)
  An iron dragon simulacrum (Coc:4)
  A stone giant simulacrum (Coc:4)
  5 raiju (Abyss:4)
  An alligator zombie (Hell)
  A culicivora (Vaults:2)
  18 flying skulls
  3 air elementals
  3 culicivoras (shapeshifter)
  5 small abominations
  4 naga simulacra
  3 shadows
  13 ushabtiu
  4 dire elephant simulacra
  3 vampires (D:14)
  10 ynoxinuls
  16 water elementals
  5 wraiths
  A human (D:14)
  4 fire bats
  6 fire elementals
  20 golden eyes
  A redback (Vaults:2)
  13 vampire mosquitoes
  6 wyverns
  A black mamba skeleton (Tomb:2)
  32 yaks
  Grum (D:11)
  7 basilisks
  5 steam dragons
  14 neqoxecs
  2 redbacks (shapeshifter) (Vaults:5)
  11 chaos spawn
  2 wargs (Orc:1)
  12 swamp worms
  29 nagas
  A naga (shapeshifter) (Elf:3)
  11 harpy simulacra
  3 acid dragons
  10 water moccasins
  6 hydra simulacra
  A floating eye (shapeshifter) (Depths:3)
  4 hell hounds (Elf:2)
  8 swamp drakes
  A floating eye (Depths:3)
  17 orc warriors
  A sky beast (D:7)
  A meliai simulacrum (D:15)
  4 ettin simulacra
  Pargi (Sewer)
  A floating eye zombie (Depths:3)
  5 ogres
  3 elephant zombies (Lair:5)
  18 wolves
  6 centaurs
  An elephant skeleton (Crypt:2)
  13 bullfrogs
  4 kobold brigands
  4 necrophages
  An earth elemental (Elf:2)
  4 gnoll sergeants
  4 scorpions
  A scorpion (shapeshifter) (Depths:3)
  5 wights (D:8)
  10 killer bees
  10 howler monkeys
  4 electric eels
  5 crimson imps (Pan)
  A quasit (Abyss:3)
  Crazy Yiuf (D:2)
  3 hounds
  15 orc priests
  2 jellies
  An iguana (D:5)
  30 orc wizards
  A hell rat (Lair:4)
  44 mummies
  8 adders
  15 gnolls
  A river rat (D:5)
  2 shadow imps (Tar:7)
  2 white imps (D:7)
  An ufetubus (D:5)
  A worm zombie (Crypt:3)
  An adder skeleton (Crypt:1)
  3 worms
  3 dart slugs
  84 orcs
  2 ball pythons
  6 bats
  5 endoplasms
  9 giant cockroaches
  9 goblins
  13 hobgoblins
  6 jackals
  21 kobolds
  3 quokkas
  3 frilled lizards
  A frilled lizard zombie (Crypt:2)
  8 rats
  3 creeping infernos
  2 fire vortices
  2 lurking horrors
  A plant (Depths:2)
  A starspawn tentacle (Abyss:4)
  A tentacle (Hell)
3074 creatures vanquished.

Vanquished Creatures (collateral kills)
  Khufu (Tomb:3)
  3 ancient liches
  A dread lich (Vaults:5)
  A juggernaut (Depths:4)
  9 royal mummies
  Sojobo (Depths:3)
  A shard shrike (Coc:7)
  3 caustic shrikes (Depths:3)
  4 golden dragons
  A Brimstone Fiend (Tomb:1)
  A pandemonium lord (Tomb:1)
  5 tentacled monstrosities
  A searing wretch (Geh:4)
  A Tzitzimitl (Tomb:1)
  3 Orb Guardians
  3 Ice Fiends
  A walking divine tome (Depths:3)
  A deep elf master archer (Elf:3)
  5 titans
  2 ancient champions (Tomb:1)
  4 acid blobs (Slime:5)
  6 Executioners (Pan)
  A tentacled starspawn (Abyss:4)
  5 sphinxes
  3 tengu reavers
  A fenstrider witch (Swamp:2)
  2 storm dragons
  5 nagarajas (Snake:4)
  7 azure jellies (Coc:7)
  5 rockslimes (Slime:5)
  2 narguns (Coc:7)
  A balrug (Pan)
  3 vault wardens
  3 frost giants
  4 fire giants
  2 iron dragons
  A draconian shifter (Depths:4)
  A deep elf elementalist (Elf:3)
  A shard shrike simulacrum (Coc:7)
  A draconian annihilator (Pan)
  5 stone giants
  4 reapers
  A cacodemon (Pan)
  9 bennus (Tomb:3)
  16 very ugly things
  A black draconian (Depths:4)
  An ironbound thunderhulk (Vaults:4)
  2 quicksilver oozes
  4 ironbound preservers
  A vampire knight (Depths:4)
  A lorocyproca (Hell)
  2 dire elephants
  2 spark wasps (Depths:4)
  2 yellow draconians (Depths:4)
  5 elemental wellsprings
  A demonspawn black sun (Pan)
  2 eleionomae
  3 white draconians
  A wendigo (Coc:7)
  4 ettins
  A green death (Pan)
  6 mummy priests
  A deep elf death mage (Elf:3)
  5 blizzard demons
  4 yaktaur captains
  4 fire dragons
  2 deep elf high priests
  4 great orbs of eyes
  3 hydras (Swamp:4)
  A salamander tyrant (Snake:4)
  4 vault guards (Vaults:5)
  An ice dragon (Depths:1)
  7 anacondas
  A hell beast (Coc:3)
  A ghost crab (Swamp:3)
  A rakshasa (Depths:1)
  A spriggan air mage (Depths:3)
  An alligator (Swamp:3)
  2 dancing weapons (Elf:2)
  2 death scarabs (Tomb:1)
  6 death yaks
  2 deep troll shamans
  7 naga warriors
  3 deep troll earth magi (Depths:3)
  A vampire mage (Depths:4)
  2 shock serpents
  3 tengu warriors
  A soul eater (Pan)
  5 naga sharpshooters
  12 sun demons
  5 hell hogs
  9 spriggans
  6 iron trolls
  2 fire crabs (Abyss:4)
  2 spriggan berserkers (Depths:3)
  A deep elf knight (Elf:2)
  A sixfirhy (Pan)
  2 salamander mystics (Snake:4)
  10 hell knights
  3 skeletal warriors
  A fire crab (shapeshifter) (Depths:3)
  2 sea snakes (Snake:4)
  5 deep trolls
  A goliath frog (Swamp:2)
  3 bog bodies
  A quicksilver dragon simulacrum (Coc:6)
  A spriggan druid (Swamp:3)
  A shadow demon (Tomb:1)
  2 harpies (Depths:4)
  3 deep elf archers
  A glowing orange brain (Pan)
  2 wizards (Pan)
  A golden dragon skeleton (Depths:2)
  3 naga ritualists
  2 necromancers
  A phantasmal warrior (Vaults:5)
  3 swamp dragons (Swamp:4)
  An ironbound convoker (Vaults:5)
  4 deep elf zephyrmancers
  A mana viper (Snake:4)
  7 ugly things
  4 deep elf pyromancers
  2 orc sorcerers
  4 will-o-the-wisps (Swamp:2)
  3 guardian serpents (Snake:4)
  A moth of wrath (Zot:4)
  3 salamanders
  20 slime creatures
  3 rust devils
  12 smoke demons
  13 elephants
  6 vault sentinels
  An eye of devastation (Slime:5)
  5 naga magi
  18 black mambas
  A cane toad (Lair:2)
  A torpor snail (Lair:4)
  A titan simulacrum (Coc:7)
  An orange demon (Pan)
  A centaur skeleton (D:15)
  A molten gargoyle (Hell)
  A hellion (Pan)
  A demonic crawler (Pan)
  2 hellwings (Pan)
  A tormentor (Coc:3)
  4 rime drakes
  A komodo dragon (Lair:4)
  4 yaktaurs
  2 freezing wraiths (Coc:7)
  11 guardian mummies
  2 tyrant leeches
  13 hornets
  2 polar bears (IceCv)
  A hydra skeleton (Hell)
  12 blink frogs
  5 wind drakes (Pan)
  8 dream sheep
  7 large abominations (Pan)
  An alligator zombie (Hell)
  A stone giant simulacrum (Coc:6)
  An ettin skeleton (Pan)
  A jumping spider (Vaults:2)
  3 yaks (Lair:5)
  4 ynoxinuls (Pan)
  6 water elementals
  A dire elephant simulacrum (Coc:7)
  2 golden eyes (Slime:5)
  2 ushabtiu (Tomb:1)
  3 fire bats
  A basilisk (Lair:3)
  2 neqoxecs (Pan)
  2 vampire mosquitoes (Swamp:1)
  3 chaos spawn (Pan)
  4 nagas
  8 swamp worms
  3 harpy simulacra
  A water moccasin (Lair:2)
  A hydra simulacrum (Hell)
  A swamp drake (Swamp:4)
  4 wolves (Lair:4)
  An ogre (Orc:1)
  A bullfrog (Lair:3)
  An elephant simulacrum (Lair:5)
  2 jellies (Lair:4)
  An orc priest (Orc:1)
  2 orc wizards (Orc:2)
  3 mummies
  A gnoll (Orc:1)
  4 orcs
  2 butterflies
  2 creeping infernos
  A fire vortex (Pan)
608 creatures vanquished.

Vanquished Creatures (others)
  A Tzitzimitl (Tar:7)
  A hellephant (Geh:7)
  A searing wretch (Geh:7)
  A deep elf blademaster (Elf:3)
  A storm dragon (Pan)
  A balrug (Pan)
  4 shard shrike simulacra
  A draconian annihilator (Zot:5)
  A hydra (Swamp:3)
  2 caustic shrike simulacra
  An alligator (Swamp:1)
  An ironbound frostheart (IceCv)
  A quicksilver dragon simulacrum (Coc:2)
  A glowing orange brain (Pan)
  A deep elf zephyrmancer (Elf:3)
  A fenstrider witch simulacrum (Coc:1)
  A smoke demon (Pan)
  An orange demon (Pan)
  2 titan simulacra (Coc:1)
  An efreet (Pan)
  An iron giant simulacrum (Coc:7)
  A hellwing (Pan)
  2 bloated husks
  A polar bear (IceCv)
  An iron dragon simulacrum (Coc:1)
  A flying skull (Tomb:1)
  4 dire elephant simulacra
  4 harpy simulacra
  A naga (Snake:4)
  A hydra simulacrum (Coc:1)
  3 naga simulacra
  An orc wizard (Orc:2)
  3 ball lightnings (Pan)
  3 creeping infernos
  7 fire vortices
  24 foxfires (Swamp:2)
  19 fungi
  61 plants
  12 starspawn tentacles
  3 tentacles (Hell)
  24 withered plants (Lair:5)
202 creatures vanquished.

Grand Total: 3884 creatures vanquished

Notes
Turn   | Place    | Note
-------+----------+-------------------------------------------
     0 | D:1      | middlethird the Meteoran Earth Elementalist began the quest
                  | for the Orb.
     0 | D:1      | Reached XP level 1. HP: 14/14 MP: 5/5
    47 | D:1      | Reached XP level 2. HP: 20/20 MP: 1/6
    50 | D:1      | Learned a level 2 spell: Passwall
   175 | D:1      | Reached XP level 3. HP: 21/26 MP: 0/8
   293 | D:1      | Found a faded altar of an unknown god.
   343 | D:1      | Learned a level 3 spell: Stone Arrow
   408 | D:2      | Reached XP level 4. HP: 33/33 MP: 6/9
   549 | D:2      | Found Xamawean's Distillery.
   576 | D:2      | Bought a potion of curing for 36 gold pieces
   576 | D:2      | Bought a potion of heal wounds for 60 gold pieces
   724 | D:2      | Found a runed translucent door.
   725 | D:2      | Noticed Crazy Yiuf
   731 | D:2      | Killed Crazy Yiuf
   822 | D:3      | Found a radiant altar of Vehumet.
   835 | D:3      | Became a worshipper of Vehumet
   883 | D:3      | Reached XP level 5. HP: 38/38 MP: 7/11
  1292 | D:4      | Found a staircase to the Ecumenical Temple.
  1314 | D:4      | Reached skill level 5 in Earth Magic
  1338 | D:4      | Reached * piety under Vehumet
  1338 | D:4      | Offered knowledge of Shock by Vehumet.
  1415 | D:4      | Reached XP level 6. HP: 39/45 MP: 5/14
  1580 | D:4      | Reached skill level 5 in Spellcasting
  1609 | D:4      | Offered knowledge of Searing Ray by Vehumet.
  1616 | D:4      | Identified the +7 dagger "Zigup" {pain, rElec rN+}
  1687 | D:4      | Found Ciur Xohakh's Fire Supplies.
  1700 | D:4      | Bought a +1 pair of gloves of fire resistance for 181 gold
                  | pieces
  1740 | D:4      | Reached ** piety under Vehumet
  1803 | D:4      | Reached XP level 7. HP: 50/50 MP: 11/15
  1944 | D:5      | Entered Level 5 of the Dungeon
  2031 | D:5      | Reached XP level 8. HP: 61/66 MP: 2/18
  2033 | D:5      | Found a glowing drain.
  2060 | Sewer    | Entered a sewer
  2105 | Sewer    | Noticed Pargi
  2111 | Sewer    | Killed Pargi
  2286 | D:5      | Identified a scroll of acquirement
  2287 | D:5      | Acquired 388 gold pieces
  2299 | D:5      | Reached skill level 1 in Shields
  2311 | D:5      | Reached skill level 5 in Fighting
  2419 | D:5      | Learned a level 4 spell: Petrify
  2428 | D:6      | Offered knowledge of Scorch by Vehumet.
  2449 | D:6      | Found a snail-covered altar of Cheibriados.
  2539 | D:6      | Identified the +0 helmet "Hehogu" {Harm Fly}
  2652 | D:6      | Noticed a steam dragon
  2657 | D:6      | Killed a steam dragon
  2658 | D:6      | Gained mutation: You passively map the area around you.
                  | [Meteoran growth]
  2658 | D:6      | Reached XP level 9. HP: 69/75 MP: 15/22
  2684 | D:6      | Reached *** piety under Vehumet
  2803 | D:7      | Found a shimmering altar of Xom.
  2837 | D:7      | Found Wuidd's Magic Scroll Shoppe.
  2850 | D:7      | Bought a scroll of blinking for 82 gold pieces
  2879 | D:7      | Found a flagged portal.
  2887 | Bailey   | Entered a bailey
  2931 | Bailey   | Offered knowledge of Frozen Ramparts by Vehumet.
  2955 | Bailey   | Noticed an orc knight
  3008 | Bailey   | Killed an orc knight
  3009 | Bailey   | Reached skill level 10 in Fighting
  3009 | Bailey   | Reached XP level 10. HP: 93/93 MP: 12/23
  3021 | Bailey   | Noticed an orc knight
  3035 | Bailey   | Killed an orc knight
  3113 | Bailey   | Found the +8 mithril axe "Arga" {speed, Will+}
  3125 | Bailey   | Identified the +2 gold dragon scales of Vaxtemm {rPois rF+
                  | rC+ Str+3 Dex+4 Stlth-}
  3161 | Bailey   | Reached **** piety under Vehumet
  3265 | D:7      | Paralysed by a hornet for 3 turns
  3270 | D:7      | Reached skill level 10 in Spellcasting
  3332 | D:7      | Offered knowledge of Iskenderun's Battlesphere by Vehumet.
  3466 | D:7      | Found a bloodstained altar of Trog.
  3694 | D:8      | Found a glowing golden altar of the Shining One.
  3816 | D:8      | Reached skill level 1 in Armour
  3903 | D:8      | Reached XP level 11. HP: 95/101 MP: 28/28
  4091 | D:8      | Found a staircase to the Lair.
  4155 | D:9      | Reached ***** piety under Vehumet
  4156 | D:9      | Reached skill level 5 in Armour
  4236 | D:9      | Offered knowledge of Lightning Bolt by Vehumet.
  4374 | D:9      | Reached skill level 5 in Dodging
  4382 | D:9      | Reached skill level 5 in Shields
  4512 | D:9      | Found a runed translucent gate.
  4512 | D:9      | Found a runed translucent gate.
  4512 | D:9      | Found a runed translucent gate.
  4513 | D:9      | Noticed AverageBear's ghost (novice DsFi)
  4566 | D:9      | Reached skill level 1 in Throwing
  4839 | D:9      | Killed AverageBear's ghost
  4930 | D:10     | Entered Level 10 of the Dungeon
  4943 | D:10     | Reached skill level 5 in Throwing
  5011 | D:10     | Found a hide-covered altar of Uskayaw.
  5066 | D:10     | Noticed Harold
  5077 | D:10     | Killed Harold
  5078 | D:10     | Reached XP level 12. HP: 97/112 MP: 6/29
  5108 | D:10     | Found a staircase to the Orcish Mines.
  5363 | D:10     | Noticed a two-headed ogre
  5368 | D:10     | Killed a two-headed ogre
  5620 | D:11     | Found the ring of the Hare {EV+8}
  5622 | D:11     | Noticed a lindwurm
  5633 | D:11     | Killed a lindwurm
  5635 | D:11     | Noticed a lindwurm
  5635 | D:11     | Noticed a lindwurm
  5636 | D:11     | Noticed a lindwurm
  5639 | D:11     | Killed a lindwurm
  5643 | D:11     | Killed a lindwurm
  5646 | D:11     | Killed a lindwurm
  5673 | D:11     | Acquired Sif Muna's Meditations on Direction and Changing
  5677 | D:11     | Learned a level 1 spell: Apportation
  5744 | D:11     | Noticed a boulder beetle
  5754 | D:11     | Killed a boulder beetle
  5901 | D:11     | Noticed Grum
  5907 | D:11     | Killed Grum
  5933 | D:11     | Offered knowledge of Iron Shot by Vehumet.
  5944 | D:11     | Learned a level 6 spell: Iron Shot
  6291 | D:2      | Bought 2 potions of mutation for 192 gold pieces
  6291 | D:2      | Bought a potion of mutation for 96 gold pieces
  6392 | D:4      | Bought the Textbook on Embers for 396 gold pieces
  6392 | D:4      | Bought a scroll of immolation for 44 gold pieces
  6515 | D:9      | Reached skill level 15 in Fighting
  6515 | D:9      | Reached skill level 1 in Translocations
  6515 | D:9      | Reached XP level 13. HP: 126/126 MP: 24/32
  6721 | D:12     | Noticed a two-headed ogre
  6736 | D:12     | Killed a two-headed ogre
  6737 | D:12     | Reached skill level 5 in Translocations
  6764 | D:12     | Noticed a two-headed ogre
  6769 | D:12     | Killed a two-headed ogre
  6879 | D:12     | Noticed Nergalle
  6885 | D:12     | Killed Nergalle
  6890 | D:12     | Reached skill level 5 in Conjurations
  6960 | D:12     | Noticed Erolcha
  6972 | D:12     | Killed Erolcha
  7063 | D:13     | Noticed a four-headed hydra
  7065 | D:13     | Killed a four-headed hydra
  7181 | D:13     | Noticed a seven-headed hydra
  7183 | D:13     | Killed a seven-headed hydra
  7184 | D:13     | Reached skill level 10 in Earth Magic
  7216 | D:13     | Noticed a centaur warrior
  7218 | D:13     | Noticed a centaur warrior
  7230 | D:13     | Killed a centaur warrior
  7233 | D:13     | Killed a centaur warrior
  7314 | D:13     | Reached skill level 15 in Spellcasting
  7428 | D:13     | Reached XP level 14. HP: 135/135 MP: 30/34
  7483 | D:13     | Found Pefeukk's Blood Bar.
  7672 | D:14     | Noticed a vampire knight
  7674 | D:14     | Noticed a vampire knight
  8015 | D:14     | Reached skill level 1 in Necromancy
  8183 | D:14     | Killed a vampire knight
  8245 | D:14     | Found the +8 Vampire's Tooth {vamp}
  8303 | D:14     | Killed a vampire knight
  8304 | D:14     | Reached skill level 5 in Necromancy
  8441 | D:14     | Learned a level 5 spell: Borgnjor's Vile Clutch
  8456 | D:14     | Glimpsed the power of Zot.
  8463 | D:14     | Found a gate to the Vaults.
  8502 | D:14     | Glimpsed the power of Zot.
  8515 | D:15     | Entered Level 15 of the Dungeon
  8592 | D:15     | Reached XP level 15. HP: 109/135 MP: 29/36
  8994 | Lair:1   | Entered Level 1 of the Lair of Beasts
  9020 | Lair:1   | Learned a level 6 spell: Death Channel
  9045 | Lair:1   | Reached skill level 10 in Necromancy
  9095 | Lair:1   | Offered knowledge of Starburst by Vehumet.
  9119 | Lair:1   | Found a transporter.
  9124 | Lair:1   | Found a transporter.
  9124 | Lair:1   | Noticed mkat's ghost (journeyman DsBe)
  9319 | Lair:1   | Killed mkat's ghost
  9454 | Lair:1   | Glimpsed the power of Zot.
  9503 | Lair:1   | Glimpsed the power of Zot.
  9553 | Lair:2   | Found a staircase to the Snake Pit.
  9772 | Lair:2   | Found a staircase to the Swamp.
  9871 | Lair:2   | Noticed Erica
  9875 | Lair:2   | Killed Erica
  9973 | Lair:3   | Found a dark tunnel.
 10014 | Volcano  | Entered a volcano
 10082 | Volcano  | Found the +3 pair of mountain boots {steadfast, rC+}
 10086 | Volcano  | Reached XP level 16. HP: 149/149 MP: 23/37
 10394 | Lair:3   | Reached ****** piety under Vehumet
 10680 | Lair:4   | Offered knowledge of Orb of Destruction by Vehumet.
 10715 | Lair:4   | Found a staircase to the Slime Pits.
 10720 | Lair:4   | Found a viscous altar of Jiyva.
 10943 | Lair:4   | Reached skill level 1 in Fire Magic
 11066 | Lair:4   | Reached skill level 5 in Fire Magic
 11286 | Lair:5   | Entered Level 5 of the Lair of Beasts
 11436 | Lair:5   | Acquired 447 gold pieces
 11461 | Lair:5   | Reached XP level 17. HP: 156/156 MP: 19/40
 11472 | Lair:5   | Learned a level 4 spell: Iskenderun's Mystic Blast
 11568 | Lair:5   | Noticed Snorg
 11588 | Lair:5   | Killed Snorg
 11667 | Lair:5   | Reached skill level 10 in Shields
 11675 | Lair:5   | Offered knowledge of Fireball by Vehumet.
 11972 | Lair:5   | Glimpsed the power of Zot.
 12022 | Lair:5   | Glimpsed the power of Zot.
 12062 | Lair:3   | Glimpsed the power of Zot.
 12072 | Lair:3   | Touched by the power of Zot.
 12121 | Snake:1  | Entered Level 1 of the Snake Pit
 12126 | Snake:1  | Reached skill level 10 in Dodging
 12174 | Snake:1  | Found Avifayff's Distillery.
 12192 | Snake:1  | Bought a potion of attraction for 45 gold pieces
 12192 | Snake:1  | Bought a potion of cancellation for 120 gold pieces
 12192 | Snake:1  | Bought a potion of resistance for 150 gold pieces
 12192 | Snake:1  | Bought a potion of might for 60 gold pieces
 12192 | Snake:1  | Bought a potion of might for 60 gold pieces
 12192 | Snake:1  | Bought 2 potions of resistance for 300 gold pieces
 12206 | Snake:1  | Gained mutation: You passively map a large area around you.
                  | [Meteoran growth]
 12206 | Snake:1  | Reached XP level 18. HP: 64/147 MP: 28/41
 12297 | Snake:1  | Offered knowledge of Freezing Cloud by Vehumet.
 12536 | Snake:2  | Reached skill level 10 in Fire Magic
 12854 | Snake:2  | Acquired Zifewny's Secrets of the Igneous Rocks
 12862 | Snake:2  | Learned a level 5 spell: Lee's Rapid Deconstruction
 13109 | Snake:3  | Found Toonwun's Vocational Training.
 13589 | Snake:3  | Learned a level 8 spell: Ignition
 13591 | Snake:4  | Entered Level 4 of the Snake Pit
 13685 | Snake:4  | Reached XP level 19. HP: 130/170 MP: 20/42
 13693 | Snake:4  | Noticed Mlioglotl
 13702 | Snake:4  | Killed Mlioglotl
 13835 | Snake:4  | Reached skill level 15 in Fire Magic
 13877 | Snake:4  | Offered knowledge of Conjure Ball Lightning by Vehumet.
 13890 | Snake:4  | Identified the ring of Hepliaklqana's Pride {rF+ rC+ Dex+5
                  | Stlth+}
 14105 | Snake:4  | Found Caorurel's General Store.
 14106 | Snake:4  | Found Ufazeff's Assorted Antiques.
 14106 | Snake:4  | Found Xem Dej's Jewellery Boutique.
 14111 | Snake:4  | Found Luijou's General Store.
 14120 | Snake:4  | Bought a potion of mutation for 96 gold pieces
 14120 | Snake:4  | Bought 3 silver boomerangs for 54 gold pieces
 14129 | Snake:4  | Bought a scroll of brand weapon for 171 gold pieces
 14205 | Snake:4  | Reached skill level 1 in Long Blades
 14235 | Snake:4  | Reached skill level 5 in Long Blades
 14238 | Snake:4  | Reached XP level 20. HP: 140/178 MP: 29/43
 14257 | Snake:4  | Got a serpentine rune of Zot
 14406 | Swamp:1  | Entered Level 1 of the Swamp
 14428 | Swamp:1  | Found a frozen archway.
 14444 | IceCv    | Entered an ice cave
 14626 | IceCv    | Reached skill level 10 in Long Blades
 14697 | IceCv    | Offered knowledge of Fire Storm by Vehumet.
 14697 | IceCv    | Offered knowledge of Shatter by Vehumet.
 14697 | IceCv    | Offered knowledge of Polar Vortex by Vehumet.
 14708 | IceCv    | Learned a level 9 spell: Shatter
 14839 | Lair:2   | Glimpsed the power of Zot.
 14894 | D:7      | Glimpsed the power of Zot.
 14923 | D:6      | Fell from the grace of Vehumet
 14923 | D:6      | Became a worshipper of Cheibriados the Contemplative
 14929 | D:6      | Glimpsed the power of Zot.
 14943 | D:7      | Bought a scroll of teleportation for 33 gold pieces
 14943 | D:7      | Bought a scroll of teleportation for 33 gold pieces
 14943 | D:7      | Bought a scroll of teleportation for 33 gold pieces
 14971 | D:7      | Glimpsed the power of Zot.
 15002 | D:8      | Glimpsed the power of Zot.
 15010 | D:8      | Touched by the power of Zot.
 15061 | Lair:2   | Glimpsed the power of Zot.
 15256 | Swamp:1  | Reached * piety under Cheibriados
 15336 | Swamp:1  | Gained mutation: You are clumsy. (Dex -2) [mutagenic glow]
 15405 | Swamp:2  | Reached ** piety under Cheibriados
 15420 | Swamp:2  | Lost mutation: You are clumsy. (Dex -2) [potion of
                  | mutation]
 15420 | Swamp:2  | Gained mutation: You possess an exceptional clarity of
                  | mind. [potion of mutation]
 15420 | Swamp:2  | Gained mutation: You occasionally lose the ability to drink
                  | potions when taking damage. [potion of mutation]
 15420 | Swamp:2  | Lost mutation: You possess an exceptional clarity of mind.
                  | [potion of mutation]
 15421 | Swamp:2  | Lost mutation: You occasionally lose the ability to drink
                  | potions when taking damage. [potion of mutation]
 15421 | Swamp:2  | Gained mutation: You are partially covered in iridescent
                  | scales. (AC +2) [potion of mutation]
 15421 | Swamp:2  | Gained mutation: Your flesh is heat resistant. (rF+)
                  | [potion of mutation]
 15421 | Swamp:2  | Gained mutation: Your spells are a little harder to cast,
                  | but a little more powerful. [potion of mutation]
 15565 | Swamp:2  | Reached *** piety under Cheibriados
 15687 | Swamp:3  | Reached XP level 21. HP: 184/184 MP: 28/44
 15716 | Swamp:3  | Reached **** piety under Cheibriados
 15735 | Swamp:3  | Identified the +1 pair of gloves "Jushu" {-Tele rF++ SInv}
 15933 | Swamp:4  | Entered Level 4 of the Swamp
 16086 | Swamp:4  | Reached ***** piety under Cheibriados
 16159 | Swamp:4  | Noticed the 27-headed Lernaean hydra
 16164 | Swamp:4  | Killed the 27-headed Lernaean hydra
 16167 | Swamp:4  | Reached skill level 10 in Throwing
 16192 | Swamp:4  | Got a decaying rune of Zot
 16450 | Lair:2   | Glimpsed the power of Zot.
 16587 | D:12     | Glimpsed the power of Zot.
 16623 | D:14     | Glimpsed the power of Zot.
 16650 | D:14     | Glimpsed the power of Zot.
 16656 | D:14     | Touched by the power of Zot.
 16660 | Vaults:1 | Entered Level 1 of the Vaults
 17014 | Vaults:1 | Reached ****** piety under Cheibriados
 17111 | Vaults:1 | Glimpsed the power of Zot.
 17136 | Vaults:1 | Glimpsed the power of Zot.
 17160 | Vaults:1 | Glimpsed the power of Zot.
 17165 | Vaults:1 | Touched by the power of Zot.
 17188 | Vaults:1 | Reached XP level 22. HP: 52/131 MP: 32/45
 17403 | Vaults:3 | Found Qinuem's General Store.
 17408 | Vaults:3 | Bought a scroll of summoning for 180 gold pieces
 17408 | Vaults:3 | Bought a scroll of teleportation for 57 gold pieces
 17433 | Vaults:3 | Was forgiven by Vehumet
 17620 | Vaults:4 | Found Muckemaa's Antique Weapon Shop.
 17675 | Vaults:4 | Reached skill level 15 in Shields
 17690 | Vaults:4 | Identified the +4 chain mail of Tuoh Rewke {Drain Will+
                  | SInv}
 17704 | Vaults:4 | Found a runed translucent door.
 17704 | Vaults:4 | Noticed Angmar's ghost (veteran DrAE)
 17853 | Vaults:5 | Entered Level 5 of the Vaults
 17854 | Vaults:5 | Noticed a dread lich
 17856 | Vaults:5 | Reached XP level 23. HP: 199/199 MP: 39/48
 17856 | Vaults:5 | Noticed a dread lich
 17877 | Vaults:5 | Identified the amulet of Qumax {Acrobat rPois rC- Str+8
                  | Slay+2}
 17900 | Vaults:5 | Identified the ring "Joedikec" {*Corrode rElec rF+ Int+3
                  | Dex+6}
 17902 | Vaults:5 | Killed a dread lich
 17992 | Vaults:5 | Killed a dread lich
 18010 | Vaults:5 | Reached skill level 10 in Armour
 18050 | Vaults:5 | Found Lideduanyt's Antique Weapon Emporium.
 18097 | Vaults:5 | Noticed a golden dragon
 18109 | Vaults:5 | Killed a golden dragon
 18111 | Vaults:5 | Got a silver rune of Zot
 18219 | Vaults:5 | Reached XP level 24. HP: 202/206 MP: 10/48
 18264 | Vaults:5 | Noticed an ancient lich
 18279 | Vaults:5 | Killed an ancient lich
 18327 | Vaults:5 | Identified the +1 pair of gloves "Pieshrea" {Rampage rC+
                  | rN+++ Will-}
 18415 | Vaults:5 | Noticed a golden dragon
 18421 | Vaults:5 | Killed a golden dragon
 18543 | Vaults:5 | Got Tuanit's Compilation of Charms
 18893 | Vaults:2 | Found Girea's Distillery.
 18907 | Vaults:2 | Bought a potion of might for 52 gold pieces
 18907 | Vaults:2 | Bought 2 potions of magic for 208 gold pieces
 19071 | Vaults:2 | Found Lotru's Assorted Antiques.
 19121 | Vaults:2 | Found a staircase to the Crypt.
 19240 | Vaults:1 | Got Sif Muna's Catalogue of Concussion and Toxins
 19367 | Vaults:1 | Glimpsed the power of Zot.
 19519 | D:10     | Glimpsed the power of Zot.
 19556 | D:10     | Glimpsed the power of Zot.
 19588 | D:10     | Glimpsed the power of Zot.
 19597 | D:10     | Touched by the power of Zot.
 19599 | Orc:1    | Entered Level 1 of the Orcish Mines
 19674 | Orc:2    | Entered Level 2 of the Orcish Mines
 19861 | Orc:2    | Found a staircase to the Elven Halls.
 19879 | Orc:2    | Found an iron altar of Okawaru.
 19964 | Orc:2    | Found Meniokam's Antique Armour Emporium.
 19980 | Orc:2    | Found a radiant altar of Vehumet.
 19990 | Orc:2    | Found Ujeel's Magic Scroll Shoppe.
 20019 | Orc:2    | Found Suutir's Jewellery Shoppe.
 20024 | Orc:2    | Found an ancient bone altar of Kikubaaqudgha.
 20032 | Orc:2    | Bought a scroll of teleportation for 42 gold pieces
 20032 | Orc:2    | Bought a scroll of enchant armour for 105 gold pieces
 20049 | Orc:2    | Found Tuxzuecs's Magic Scroll Shoppe.
 20057 | Orc:2    | Bought a scroll of blinking for 105 gold pieces
 20057 | Orc:2    | Bought a scroll of teleportation for 42 gold pieces
 20057 | Orc:2    | Bought a scroll of teleportation for 42 gold pieces
 20075 | Orc:2    | Bought a steaming ring mail for 306 gold pieces
 20075 | Orc:2    | Identified the +3 ring mail "Nulooses" {rPois Str+7 Int-3}
                  | (You bought it in a shop on level 2 of the Orcish Mines)
 20129 | Elf:1    | Entered Level 1 of the Elven Halls
 20147 | Elf:1    | Learned a level 3 spell: Lesser Beckoning
 20149 | Elf:1    | Paralysed by an air elemental for 1 turns
 20162 | Elf:1    | Paralysed by an air elemental for 1 turns
 20170 | Elf:1    | Learned a level 4 spell: Passage of Golubria
 20178 | Elf:1    | Found Ecvez's Self-Improvement Boutique.
 20291 | Elf:1    | Reached XP level 25. HP: 198/201 MP: 2/51
 20669 | Elf:2    | Found a runed translucent gate.
 20670 | Elf:2    | Found a runed translucent gate.
 20670 | Elf:2    | Found a runed translucent gate.
 20683 | Elf:2    | Noticed Azrael
 20688 | Elf:2    | Killed Azrael
 20881 | Elf:2    | Found Vamossia's Assorted Antiques.
 20888 | Elf:2    | Bought a citrine-studded chain mail for 256 gold pieces
 20888 | Elf:2    | Identified the +4 chain mail "Ganiff" {Rampage Will++ Str+2
                  | Int-4} (You bought it in a shop on level 2 of the Elven
                  | Halls)
 20964 | Elf:3    | Entered Level 3 of the Elven Halls
 21015 | Elf:3    | Paralysed by an air elemental for 1 turns
 21022 | Elf:3    | Identified the +4 short sword "Xunwari" {vorpal, Fly Str+4
                  | Int+2 Dex+2}
 21035 | Elf:3    | Reached skill level 15 in Earth Magic
 21062 | Elf:3    | Identified the +1 scale mail of the Carved Hot Ocelot {Harm
                  | Str+4 Dex+2}
 21103 | Elf:3    | Found the ring of the Tortoise {AC+8}
 21166 | Elf:3    | Got the Omnibus of Breath and Conjury
 21256 | Elf:3    | Reached XP level 26. HP: 221/221 MP: 53/53
 21511 | Elf:3    | Identified the +1 halberd "Adenn" {vorpal, Str+2}
 21525 | Elf:3    | Found the +7 Spriggan's Knife {stab, EV+4 Stlth+}
 21534 | Elf:3    | Got the Textbook on Contamination and Imprecation
 21606 | Elf:1    | Bought a manual of Throwing for 1120 gold pieces
 21606 | Elf:1    | Bought a manual of Armour for 1120 gold pieces
 21740 | Lair:2   | Glimpsed the power of Zot.
 21747 | Lair:2   | Touched by the power of Zot.
 21836 | Slime:1  | Entered Level 1 of the Pits of Slime
 21849 | Slime:2  | Noticed Donald
 21873 | Slime:4  | Noticed Dissolution
 21906 | Slime:5  | Entered Level 5 of the Pits of Slime
 21952 | Slime:5  | Lost mutation: Your spells are a little harder to cast, but
                  | a little more powerful. [a shining eye]
 21953 | Slime:5  | Noticed the Royal Jelly
 21956 | Slime:5  | Killed the Royal Jelly
 22017 | Slime:5  | Found the +3 greatsling "Punk" {acid, rCorr}
 22034 | Slime:5  | Identified the ring "Burah" {Int+3 Dex+4 SInv Stlth-}
 22051 | Slime:5  | Got the Catalogue of the Enchanting Sky
 22073 | Slime:5  | Identified the amulet "Hufotyv" {Reflect +Inv Int+3 Dex+3
                  | SH+5 Stlth-}
 22092 | Slime:5  | Identified the +1 robe of Texiost {rCorr}
 22094 | Slime:5  | Got a slimy rune of Zot
 22095 | Slime:5  | Identified the +1 leather armour of the Apothecary {rElec
                  | rPois Str+4 Dex-3}
 22225 | Lair:3   | Glimpsed the power of Zot.
 22263 | Lair:1   | Glimpsed the power of Zot.
 22347 | D:4      | Glimpsed the power of Zot.
 22381 | D:5      | Glimpsed the power of Zot.
 22404 | D:6      | Glimpsed the power of Zot.
 22411 | D:7      | Touched by the power of Zot.
 22555 | D:13     | Glimpsed the power of Zot.
 22596 | D:14     | Glimpsed the power of Zot.
 22625 | D:15     | Glimpsed the power of Zot.
 22633 | D:15     | Touched by the power of Zot.
 22651 | D:15     | Noticed Agnes
 22654 | D:15     | Killed Agnes
 22670 | D:15     | Found a staircase to the Depths.
 22676 | Depths:1 | Entered Level 1 of the Depths
 22676 | Depths:1 | Found a one-way gateway to a ziggurat.
 22717 | Depths:1 | Found a gateway to Hell.
 22843 | Depths:1 | Found a one-way gate to the infinite horrors of the Abyss.
 22856 | Depths:1 | Noticed the Enchantress
 22865 | Depths:1 | Killed the Enchantress
 22970 | Depths:1 | Reached XP level 27. HP: 190/199 MP: 37/53
 23127 | Depths:2 | Found a one-way gate leading to the halls of Pandemonium.
 23174 | Depths:2 | Noticed Nikola
 23180 | Depths:2 | Killed Nikola
 23198 | Depths:2 | Found an opulent altar of Gozag.
 23198 | Depths:2 | Found Gozag's Platinum Reserve.
 23327 | Depths:2 | Learned a level 8 spell: Lehudib's Crystal Spear
 23431 | Depths:2 | Found a portal to a secret trove of treasure.
 23462 | Trove    | Entered a treasure trove
 23486 | Trove    | Got Sif Muna's Encyclopedia of Incandescent Shapes
 23750 | Depths:3 | Found a runed translucent gate.
 23750 | Depths:3 | Found a runed translucent gate.
 23750 | Depths:3 | Found a runed translucent gate.
 23765 | Depths:3 | Reached skill level 10 in Conjurations
 23766 | Depths:3 | Found a runed translucent gate.
 23766 | Depths:3 | Found a runed translucent gate.
 23772 | Depths:3 | Noticed Vulomepn's ghost (adept HOBe)
 23774 | Depths:3 | Found a runed translucent gate.
 23789 | Depths:3 | Identified the +0 robe "Gymam" {-Cast +Blink rN+ Stlth+}
 23820 | Depths:3 | Killed Vulomepn's ghost
 23887 | Depths:3 | Identified the ring of Otuorgh {Ice rPois Will- Str+3 Int+3
                  | Dex+6}
 23887 | Depths:3 | Noticed Josephina
 23887 | Depths:3 | Noticed Sojobo
 23890 | Depths:3 | Noticed a caustic shrike
 23891 | Depths:3 | Noticed a caustic shrike
 23891 | Depths:3 | Noticed a caustic shrike
 23891 | Depths:3 | Noticed a caustic shrike
 23893 | Depths:3 | Paralysed by a floating eye for 3 turns
 23898 | Depths:3 | Killed a caustic shrike
 23901 | Depths:3 | Killed a caustic shrike
 23903 | Depths:3 | Killed a caustic shrike
 23909 | Depths:3 | Killed Sojobo
 23914 | Depths:3 | Killed a caustic shrike
 23922 | Depths:3 | Killed Josephina
 23923 | Depths:3 | Reached skill level 15 in Necromancy
 23971 | Depths:3 | Learned a level 8 spell: Necromutation
 24259 | Depths:3 | Learned a level 2 spell: Blink
 24305 | Depths:3 | Found a radiant altar of Vehumet.
 24411 | Depths:4 | Entered Level 4 of the Depths
 24430 | Depths:4 | Reached skill level 5 in Transmutations
 24450 | Depths:4 | Found a gate to the Realm of Zot.
 24453 | Depths:4 | Noticed a juggernaut
 24458 | Depths:4 | Killed a juggernaut
 24467 | Depths:4 | Reached skill level 10 in Transmutations
 24634 | Depths:4 | Found an ornate altar of the Wu Jian Council.
 24882 | Pan      | Entered Pandemonium
 24982 | Pan      | Noticed Natuz the pandemonium lord
 24988 | Pan      | Killed Natuz the pandemonium lord
 25056 | Pan      | Noticed Qyodghiol the pandemonium lord
 25058 | Pan      | Got a demonic rune of Zot
 25068 | Pan      | Killed Qyodghiol the pandemonium lord
 25081 | Pan      | Identified the +1 robe of the Gastropod {rElec rC+ Int-5}
 25093 | Pan      | Reached skill level 15 in Throwing
 25149 | Pan      | Noticed Vut Padin the pandemonium lord
 25156 | Pan      | Killed Vut Padin the pandemonium lord
 25223 | Pan      | Entered the realm of Cerebov.
 25242 | Pan      | Found the +6 sword of Cerebov {flame}
 25242 | Pan      | Noticed Cerebov
 25274 | Pan      | Found an exit through the horrors of the Abyss.
 25414 | Pan      | Killed Cerebov
 25441 | Pan      | Got Bihi's Disquisition on the Mountains and Evolution
 25451 | Pan      | Identified the +0 dagger of the Carved God {speed, rPois
                  | rC+++ Int-3 SInv}
 25473 | Pan      | Got a fiery rune of Zot
 25476 | Pan      | Identified the +0 plate armour "Koas" {rPois rC+ rCorr
                  | Str+4}
 25614 | Pan      | Entered the realm of Lom Lobon.
 25699 | Pan      | Reached skill level 15 in Dodging
 25726 | Pan      | Noticed Lom Lobon
 25734 | Pan      | Killed Lom Lobon
 25742 | Pan      | Got a magical rune of Zot
 25955 | Pan      | Noticed Visma the pandemonium lord
 25966 | Pan      | Paralysed by a floating eye for 3 turns
 25973 | Pan      | Paralysed by a floating eye for 2 turns
 25975 | Pan      | Killed Visma the pandemonium lord
 26141 | Pan      | Reached skill level 15 in Armour
 26187 | Pan      | Identified the +0 scale mail of Honour {-Cast +Blink rN+++
                  | Int-4}
 26345 | Pan      | Entered the realm of Mnoleg.
 26377 | Pan      | Identified the +1 hat "Apoedwy" {Rampage Will+}
 26420 | Pan      | Noticed Mnoleg
 26428 | Pan      | Killed Mnoleg
 26445 | Pan      | Got a glowing rune of Zot
 26509 | Pan      | Identified the +1 robe "Miymm" {Drain rPois Int+3 Stlth+}
 26620 | Pan      | Entered the realm of Gloorx Vloq.
 26620 | Pan      | Found an exit through the horrors of the Abyss.
 26683 | Pan      | Noticed Gloorx Vloq
 26690 | Pan      | Killed Gloorx Vloq
 26696 | Pan      | Reached skill level 27 in Spellcasting
 26727 | Pan      | Got a dark rune of Zot
 26885 | Pan      | Took an exit into the Abyss.
 26885 | Abyss:1  | Escaped into the Abyss
 27289 | Abyss:4  | Reached skill level 15 in Long Blades
 27427 | Abyss:4  | Got an abyssal rune of Zot
 27441 | Depths:2 | Escaped the Abyss
 27482 | Hell     | Entered the Vestibule of Hell
 27482 | Hell     | Noticed Geryon
 27488 | Hell     | Killed Geryon
 27568 | Hell     | Found a gateway to the freezing wastes of Cocytus.
 27578 | Coc:1    | Entered Level 1 of Cocytus
 27623 | Coc:2    | Paralysed by a wendigo for 1 turns
 27634 | Coc:3    | Noticed a shard shrike
 27639 | Coc:3    | Reached skill level 1 in Invocations
 27661 | Coc:3    | Noticed a shard shrike
 27663 | Coc:3    | Killed a shard shrike
 27664 | Coc:3    | Killed a shard shrike
 27681 | Coc:4    | Reached skill level 5 in Invocations
 27687 | Coc:4    | Paralysed by a wendigo for 1 turns
 27689 | Coc:4    | Noticed a shard shrike
 27693 | Coc:4    | Noticed a shard shrike
 27695 | Coc:4    | Noticed a shard shrike
 27697 | Coc:4    | Killed a shard shrike
 27698 | Coc:4    | Killed a shard shrike
 27699 | Coc:4    | Killed a shard shrike
 27725 | Coc:5    | Paralysed by a wendigo for 1 turns
 27831 | Coc:7    | Entered Level 7 of Cocytus
 27903 | Coc:7    | Paralysed by a wendigo for 1 turns
 27914 | Coc:7    | Reached skill level 10 in Invocations
 27933 | Coc:7    | Noticed a shard shrike
 27942 | Coc:7    | Killed a shard shrike
 27967 | Coc:7    | Paralysed by a wendigo for 1 turns
 28061 | Coc:7    | Noticed a shard shrike
 28068 | Coc:7    | Killed a shard shrike
 28076 | Coc:7    | Noticed Antaeus
 28088 | Coc:7    | Killed Antaeus
 28099 | Coc:7    | Identified the +1 scale mail of the Gloaming {rC- Will+++}
 28106 | Coc:7    | Got an icy rune of Zot
 28255 | Coc:7    | Paralysed by a wendigo for 1 turns
 28525 | Hell     | Found a gateway to the Iron City of Dis.
 28534 | Dis:1    | Entered Level 1 of the Iron City of Dis
 28900 | Dis:4    | Noticed a caustic shrike
 28902 | Dis:4    | Noticed a caustic shrike
 28902 | Dis:4    | Noticed a caustic shrike
 28902 | Dis:4    | Noticed a caustic shrike
 28904 | Dis:4    | Killed a caustic shrike
 28905 | Dis:4    | Killed a caustic shrike
 28905 | Dis:4    | Killed a caustic shrike
 28905 | Dis:4    | Killed a caustic shrike
 29007 | Dis:7    | Entered Level 7 of the Iron City of Dis
 29007 | Dis:7    | Noticed a juggernaut
 29008 | Dis:7    | Noticed a caustic shrike
 29008 | Dis:7    | Noticed a caustic shrike
 29010 | Dis:7    | Killed a caustic shrike
 29010 | Dis:7    | Noticed a caustic shrike
 29011 | Dis:7    | Killed a juggernaut
 29011 | Dis:7    | Killed a caustic shrike
 29011 | Dis:7    | Noticed a caustic shrike
 29017 | Dis:7    | Killed a caustic shrike
 29022 | Dis:7    | Killed a caustic shrike
 29053 | Dis:7    | Noticed a caustic shrike
 29053 | Dis:7    | Noticed a caustic shrike
 29057 | Dis:7    | Killed a caustic shrike
 29064 | Dis:7    | Killed a caustic shrike
 29129 | Dis:7    | Noticed a caustic shrike
 29134 | Dis:7    | Killed a caustic shrike
 29148 | Dis:7    | Noticed a caustic shrike
 29155 | Dis:7    | Killed a caustic shrike
 29156 | Dis:7    | Noticed a caustic shrike
 29161 | Dis:7    | Killed a caustic shrike
 29226 | Dis:7    | Noticed a caustic shrike
 29229 | Dis:7    | Noticed a caustic shrike
 29230 | Dis:7    | Noticed a caustic shrike
 29230 | Dis:7    | Noticed a caustic shrike
 29232 | Dis:7    | Noticed a caustic shrike
 29241 | Dis:7    | Noticed a caustic shrike
 29243 | Dis:7    | Killed a caustic shrike
 29257 | Dis:7    | Killed a caustic shrike
 29263 | Dis:7    | Killed a caustic shrike
 29271 | Dis:7    | Killed a caustic shrike
 29286 | Dis:7    | Killed a caustic shrike
 29292 | Dis:7    | Killed a caustic shrike
 29304 | Dis:7    | Identified the ring "Zusone" {Str+5 Int+4 Dex+6 Slay-4}
 29310 | Dis:7    | Noticed a caustic shrike
 29310 | Dis:7    | Noticed a caustic shrike
 29310 | Dis:7    | Noticed a caustic shrike
 29310 | Dis:7    | Noticed a caustic shrike
 29312 | Dis:7    | Killed a caustic shrike
 29312 | Dis:7    | Killed a caustic shrike
 29315 | Dis:7    | Killed a caustic shrike
 29318 | Dis:7    | Killed a caustic shrike
 29381 | Dis:7    | Noticed a caustic shrike
 29381 | Dis:7    | Noticed a caustic shrike
 29381 | Dis:7    | Noticed a caustic shrike
 29381 | Dis:7    | Noticed a caustic shrike
 29381 | Dis:7    | Noticed a caustic shrike
 29388 | Dis:7    | Killed a caustic shrike
 29396 | Dis:7    | Killed a caustic shrike
 29407 | Dis:7    | Killed a caustic shrike
 29416 | Dis:7    | Killed a caustic shrike
 29421 | Dis:7    | Killed a caustic shrike
 29431 | Dis:7    | Noticed a caustic shrike
 29431 | Dis:7    | Noticed a caustic shrike
 29431 | Dis:7    | Noticed a caustic shrike
 29435 | Dis:7    | Killed a caustic shrike
 29442 | Dis:7    | Killed a caustic shrike
 29449 | Dis:7    | Killed a caustic shrike
 29452 | Dis:7    | Got the Almanac of Ice and the Figure
 29468 | Dis:7    | Identified the ring "Henaimm" {rPois EV+4 Dex+4 Stlth+}
 29480 | Dis:7    | Noticed a caustic shrike
 29487 | Dis:7    | Killed a caustic shrike
 29536 | Dis:7    | Found the +4 staff of Dispater
 29536 | Dis:7    | Noticed Dispater
 29588 | Dis:7    | Noticed a caustic shrike
 29595 | Dis:7    | Killed Dispater
 29600 | Dis:7    | Killed a caustic shrike
 29618 | Dis:7    | Got an iron rune of Zot
 29751 | Hell     | Found a gateway to the decaying netherworld of Tartarus.
 29792 | Hell     | Found a gateway to the ashen valley of Gehenna.
 29807 | Geh:1    | Entered Level 1 of Gehenna
 30317 | Geh:7    | Entered Level 7 of Gehenna
 30380 | Geh:7    | Noticed the Serpent of Hell
 30416 | Geh:7    | Killed the Serpent of Hell
 30426 | Geh:7    | Noticed an ancient lich
 30482 | Geh:7    | Found the +7 sceptre of Asmodeus
 30482 | Geh:7    | Noticed Asmodeus
 30515 | Geh:7    | Killed Asmodeus
 30547 | Geh:7    | Got an obsidian rune of Zot
 30632 | Geh:7    | Killed an ancient lich
 30734 | Tar:1    | Entered Level 1 of Tartarus
 30996 | Tar:6    | Reached skill level 15 in Invocations
 31028 | Tar:6    | Noticed an ancient lich
 31032 | Tar:6    | Killed an ancient lich
 31040 | Tar:7    | Entered Level 7 of Tartarus
 31246 | Tar:7    | Paralysed by a Zot trap for 3 turns
 31443 | Tar:7    | Noticed Ereshkigal
 31479 | Tar:7    | Reached skill level 27 in Shields
 31617 | Tar:7    | Killed Ereshkigal
 31631 | Tar:7    | Got a bone rune of Zot
 31813 | Zot:1    | Entered Level 1 of the Realm of Zot
 31884 | Zot:4    | Found a stormy altar of Qazlal.
 31897 | Zot:5    | Entered Level 5 of the Realm of Zot
 32036 | Zot:5    | Noticed an ancient lich
 32045 | Zot:5    | Killed an ancient lich
 32046 | Zot:5    | Noticed an ancient lich
 32053 | Zot:5    | Killed an ancient lich
 32060 | Zot:5    | Noticed a curse toe
 32061 | Zot:5    | Noticed an orb of fire
 32062 | Zot:5    | Noticed a Killer Klown
 32070 | Zot:5    | Got the Orb of Zot
 32074 | Zot:5    | Noticed a dread lich
 32076 | Zot:5    | Noticed an orb of fire
 32079 | Zot:5    | Noticed a Killer Klown
 32080 | Zot:5    | Noticed a Killer Klown
 32086 | Zot:5    | Killed a Killer Klown
 32345 | Vaults:1 | Noticed a seraph
 32348 | Vaults:1 | Identified the +0 buckler of Philately {MP+9 Int+4 SInv}
 32356 | Vaults:1 | Killed a seraph
 32376 | Vaults:1 | Noticed a seraph
 32383 | Vaults:1 | Killed a seraph
 32441 | Crypt:1  | Entered Level 1 of the Crypt
 32487 | Crypt:2  | Reached skill level 27 in Dodging
 32511 | Crypt:2  | You fall into a shaft and drop 1 floor!
 32511 | Crypt:3  | Entered Level 3 of the Crypt
 32536 | Crypt:3  | Noticed a curse toe
 32543 | Crypt:3  | Killed a curse toe
 32547 | Crypt:3  | Noticed a seraph
 32552 | Crypt:3  | Killed a seraph
 32553 | Crypt:3  | Noticed an ancient lich
 32560 | Crypt:3  | Identified the ring "Buxzi" {Ice rN+ Stlth+}
 32563 | Crypt:3  | Got the Folio of Mortification
 32661 | Crypt:3  | Learned a level 8 spell: Infestation
 32696 | Crypt:3  | Found a staircase to the Tomb.
 32706 | Tomb:1   | Entered Level 1 of the Tomb of the Ancients
 32744 | Tomb:1   | Noticed Sunasawk the pandemonium lord
 32760 | Tomb:1   | Killed Sunasawk the pandemonium lord
 32833 | Tomb:1   | Noticed a royal mummy
 32852 | Tomb:1   | Killed a royal mummy
 32878 | Tomb:2   | Noticed a royal mummy
 32880 | Tomb:2   | Noticed a royal mummy
 32883 | Tomb:2   | Noticed a royal mummy
 32884 | Tomb:2   | Noticed a royal mummy
 32885 | Tomb:2   | Killed a royal mummy
 32887 | Tomb:2   | Killed a royal mummy
 32889 | Tomb:2   | Killed a royal mummy
 32890 | Tomb:2   | Reached skill level 27 in Fighting
 32896 | Tomb:2   | Killed a royal mummy
 32958 | Tomb:1   | Noticed a royal mummy
 32958 | Tomb:1   | Noticed a royal mummy
 32960 | Tomb:1   | Noticed a royal mummy
 32961 | Tomb:1   | Killed a royal mummy
 32962 | Tomb:1   | Noticed a royal mummy
 32962 | Tomb:1   | Killed a royal mummy
 32963 | Tomb:1   | Noticed a royal mummy
 32964 | Tomb:1   | Noticed a royal mummy
 32970 | Tomb:1   | Killed a royal mummy
 32971 | Tomb:1   | Noticed a royal mummy
 32971 | Tomb:1   | Noticed a royal mummy
 32973 | Tomb:1   | Killed a royal mummy
 32973 | Tomb:1   | Killed a royal mummy
 32973 | Tomb:1   | Killed a royal mummy
 32975 | Tomb:1   | Killed a royal mummy
 32977 | Tomb:1   | Killed a royal mummy
 33113 | Tomb:1   | Noticed a royal mummy
 33124 | Tomb:1   | Killed a royal mummy
 33129 | Tomb:1   | Noticed a royal mummy
 33145 | Tomb:1   | Killed a royal mummy
 33158 | Tomb:1   | Noticed a royal mummy
 33159 | Tomb:1   | Noticed Daptith the pandemonium lord
 33159 | Tomb:1   | Noticed a royal mummy
 33159 | Tomb:1   | Noticed a royal mummy
 33161 | Tomb:1   | Noticed a royal mummy
 33161 | Tomb:1   | Noticed a royal mummy
 33161 | Tomb:1   | Noticed a royal mummy
 33164 | Tomb:1   | Noticed a royal mummy
 33165 | Tomb:1   | Killed a royal mummy
 33165 | Tomb:1   | Killed a royal mummy
 33166 | Tomb:1   | Killed a royal mummy
 33167 | Tomb:1   | Killed a royal mummy
 33167 | Tomb:1   | Killed a royal mummy
 33167 | Tomb:1   | Killed Daptith the pandemonium lord
 33168 | Tomb:1   | Noticed a royal mummy
 33168 | Tomb:1   | Killed a royal mummy
 33168 | Tomb:1   | Killed a royal mummy
 33170 | Tomb:1   | Killed a royal mummy
 33236 | Tomb:3   | Entered Level 3 of the Tomb of the Ancients
 33244 | Tomb:3   | Noticed Boris
 33246 | Tomb:3   | Killed Boris
 33246 | Tomb:3   | Noticed a royal mummy
 33253 | Tomb:3   | Noticed a royal mummy
 33266 | Tomb:3   | Noticed a royal mummy
 33267 | Tomb:3   | Killed a royal mummy
 33268 | Tomb:3   | Killed a royal mummy
 33268 | Tomb:3   | Noticed a royal mummy
 33277 | Tomb:3   | Noticed a royal mummy
 33278 | Tomb:3   | Noticed Mennas
 33281 | Tomb:3   | Killed a royal mummy
 33285 | Tomb:3   | Noticed a royal mummy
 33287 | Tomb:3   | Killed Mennas
 33287 | Tomb:3   | Noticed Khufu
 33293 | Tomb:3   | Killed a royal mummy
 33294 | Tomb:3   | Killed a royal mummy
 33296 | Tomb:3   | Killed a royal mummy
 33302 | Tomb:3   | Noticed a royal mummy
 33308 | Tomb:3   | Noticed a royal mummy
 33316 | Tomb:3   | Killed a royal mummy
 33354 | Tomb:3   | Killed Khufu
 33355 | Tomb:3   | Killed a royal mummy
 33393 | Tomb:3   | Got a golden rune of Zot
 33520 | Tomb:1   | Noticed a seraph
 33530 | Tomb:1   | Killed a seraph
 34226 | D:$      | Escaped with the Orb!

Illustrated notes

Levels and vault maps discovered:
D:1:      tarquinn_simple_flora_water_f, layout_rooms,
          shapermc_ecumenical_altar_venn, patterned_corridor
D:2:      layout_basic, serial_shops,
          nicolae_shop_temple_entry_statues_fountains, minmay_tetromino_i2,
          uniq_crazy_yiuf_cottage
D:3:      layout_basic, amcnicky_altar_gilded
D:4:      corexii_shantytown, layout_basic, temple_pool_b,
          nicolae_shop_fire_sale [nicolae_sub_dead_trees],
          minmay_manual_macuahuitl
D:5:      layout_cave_pools, portal_sewer_entry_b, nrook_campfire,
          kennysheep_generic_room_12
D:6:      layout_basic, mainiacjoe_overflow_chevrons
D:7:      layout_basic, lightli_temple_of_fire, kennysheep_little_box,
          enter_bailey_2, serial_shops, nicolae_shop_crystal
D:8:      layout_gridville, mainiacjoe_overflow_surrounded_room,
          erik_lair_dragon, kennysheep_donut, minmay_misc_feat_alley
D:9:      layout_long_grid, gammafunk_ghost_split
D:10:     layout_stronghold, overflow_temple_1_default, orc_0_dummy, uniq_harold
D:11:     layout_cave_pods, minmay_lindwurm_lava, uniq_grum
D:12:     layout_basic, uniq_erolcha, uniq_nergalle
D:13:     layout_basic, guppyfry_shop_blood
D:14:     layout_gridville, grunt_vaults_entry_fortified,
          minmay_guarded_unrand_vampires_tooth
D:15:     grunt_enter_depths_magical_seal, layout_long_grid,
          chequers_mini_garden, uniq_agnes
Lair:1:   layout_layer_cave, gammafunk_ghost_arena,
          nicolae_quartered_pool_impasse, grunt_forest_stairs_basic
Lair:2:   layout_cave_pods, minmay_swamp_entry_eels,
          guppyfry_snake_entry_garden, infiniplex_staircase_pool,
          lemuel_fruit_fields, uniq_erica
Lair:3:   layout_cave_pods, nicolae_volcano_entry_batcave, lemuel_fruit_fields
Lair:4:   nzn_winding_woodlands_stair_cross
          [nzn_winding_woodlands_5x15_concentric,
          nzn_winding_woodlands_center_diamonds, nzn_winding_woodlands_5x15_eye,
          nzn_winding_woodlands_5x5_perimeter,
          nzn_winding_woodlands_5x5_checkerboard,
          nzn_winding_woodlands_5x15_longhouse,
          nzn_winding_woodlands_center_garden,
          nzn_winding_woodlands_5x15_parted], layout_misc_corridors,
          minmay_slime_entry_pillars, cheibrodos_lair_lostbears
Lair:5:   due_jungle_book, layout_gridlike, lemuel_fruit_tree,
          grunt_megastairs_4, uniq_snorg
Swamp:1:  layout_basic_swamp, portal_ice_cave_entry_horrid_things,
          nicolae_swamp_triple_paths
Swamp:2:  layout_basic_swamp, evilmike_swamp_ruin_house_5,
          nicolae_swamp_spooky_pond
Swamp:3:  layout_basic_swamp, nicolae_swamp_well_well_well, swamp_pool1
Swamp:4:  swamp_old_school, layout_basic_swamp, swamp_pool3,
          nicolae_swamp_spriggan_camp
Snake:1:  layout_rooms, serial_shops, nicolae_shop_statue_plus,
          statue_in_the_mist_lemuel
Snake:2:  layout_gridlike, nicolae_snake_yet_another_twisty_hallway,
          serial_bayou_pond_a, grunt_megastairs_5
Snake:3:  layout_layer_cave, nicolae_snake_gridmaze_entwining,
          nicolae_shop_vocational
Snake:4:  grunt_snake_rune_pools, layout_basic, nicolae_snake_scaly_snakehead,
          minmay_shoptagon, uniq_mlioglotl
Slime:1:  layout_caves
Slime:2:  layout_caves, uniq_donald
Slime:3:  layout_caves
Slime:4:  layout_caves, dissolution_awaits
Slime:5
Orc:1:    layout_caves
Orc:2:    kennysheep_orc_mage_school, layout_diamond_mine,
          okawaru_metal_pillars_1_2
Elf:1:    minmay_elf_arrival_plus, layout_geoelf_grid,
          hangedman_elven_crosses_minicolossus, nicolae_shop_self_help
Elf:2:    nicolae_elf_blades_crystal_corner, layout_loops_ring, serial_shops,
          shop, uniq_azrael
Elf:3:    grunt_elf_hall_branching, layout_loops_ring
Vaults:1: nicolae_vaults_octagons, nicolae_vaults_windows_and_doors_thing,
          nicolae_vaults_network_periphery, nicolae_vaults_alarming,
          vaults_mumra_lcd, vaults_standard_mumra_enter_the_diamond,
          nicolae_vaults_little_squares_5, v_misc_13, vaults_dpeg_ring,
          layout_vaults_omnigrid
Vaults:2: v_misc_14, nicolae_vaults_triangles, minmay_crypt_entry_simple_box,
          nicolae_vaults_little_squares_6, v_pattern_3,
          ontoclasm_vaults_gallery, vaults_room_door_ring, vaults_room_pools,
          v_misc_29, v_rooms_2, grunt_vaults_focal, v_misc_12,
          vaults_room_mumra_shop_pool, ontoclasm_vaults_pinch,
          ontoclasm_vaults_fault, layout_vaults_chaotic_city, serial_shops,
          nicolae_shop_stone
Vaults:3: v_misc_32, vaults_dpeg_hooks, v_misc_24, v_pattern_2,
          nicolae_vaults_specimen_jars, nicolae_vaults_mini_display_case,
          vaults_dpeg_doors, v_alt_pattern_1, nicolae_vaults_twisting_passages,
          grunt_vaults_hallway_long, ontoclasm_vaults_ring_small, v_misc_19,
          v_misc_25, nicolae_vaults_little_squares_3,
          nicolae_vaults_little_squares_1, layout_vaults_maze_bifur,
          serial_shops, nicolae_shop_hallway_stairs
Vaults:4: hellmonk_ghost_happy_afterlife, nicolae_vaults_network_s,
          hangedman_vaults_nails, st_octagons_1, grunt_vaults_bifocal,
          vaults_room_corners, dpeg_vaults_monster_box,
          nicolae_vaults_circle_grid_b, ontoclasm_vaults_chip, v_rooms_6,
          ontoclasm_vaults_twist, vaults_room_octagon,
          nicolae_vaults_little_squares_6, layout_vaults_omnibox, serial_shops,
          nicolae_shop_statue_plus
Vaults:5
Crypt:1:  layout_gridlike, nicolae_danse_macabre, uniq_vv
Crypt:2:  layout_chaotic_city, lemuel_upstairs_altar, grunt_megastairs_3
Crypt:3:  david_glass_crypt, layout_chaotic_city,
          nicolae_tomb_entry_rubble_hallway, lemuel_freeze_loot_1,
          grunt_megastairs_2
Tomb:1
Tomb:2
Tomb:3:   uniq_mennas, uniq_boris
Depths:1: layout_twisted_cross, enter_ziggurat_d, grunt_hell_entry_dis_old,
          abyss_entry, chequers_serial_rivers_marsh, nicolae_eternal_life,
          kennysheep_generic_room_16, uniq_enchantress
Depths:2: nicolae_cairo_tiling, layout_honeycomb, nicolae_figureground_sparkle,
          rand_demon_pan_entry_4, nicolae_trove_entry_crystal, hell_entry,
          serial_bayou_ford_a, nicolae_gozag_zags_fifth_avenue, uniq_nikola
Depths:3: nooodl_heptagram, layout_cave_shapes, abyss_entry_crystal,
          hellmonk_bongcloud_opening, grunt_mini_vestibule,
          ploomutoo_gammafunk_ghost_potion_laboratory,
          small_statue_intersection, nicolae_vehumet_altar_sigil, uniq_sojobo,
          uniq_josephina
Depths:4: grunt_zot_entry_alcove, layout_cave_pools, hell_entry, basic_altar,
          minmay_misc_feat_doors, hangedman_aviary
Hell
Dis:1:    grunt_dis_stairs_iron_hall
Dis:2:    layout_jigsaw
Dis:3:    layout_regular_city, evilmike_ambush [evilmike_ambush_outer_doors,
          evilmike_ambush_inner_basic]
Dis:4:    layout_regular_city
Dis:5:    layout_subdivisions
Dis:6:    layout_gridville
Dis:7:    iron_city_of_dis [dis_old, dis_wall_7], layout_gridville,
          nicolae_dis_step_into_the_octagon
Geh:1:    layout_gehenna_pools_basic
Geh:2:    layout_gehenna_lava_caves
Geh:3:    layout_gehenna_pools_box
Geh:4:    layout_gehenna_lava_caves
Geh:5:    layout_gehenna_pools_box
Geh:6:    layout_gehenna_pools_basic
Geh:7:    geh_hangedman
Coc:1:    layout_cocytus_water_paths
Coc:2:    layout_ice_bergs
Coc:3:    nicolae_hells_demon_pit, layout_cocytus_water_paths
Coc:4:    layout_cocytus_delve
Coc:5:    layout_cocytus_water_paths
Coc:6:    layout_ice_bergs
Coc:7:    coc_mu
Tar:1:    layout_honeycomb
Tar:2:    layout_grid_maze
Tar:3:    layout_grid_maze
Tar:4:    layout_honeycomb
Tar:5:    layout_catacombs
Tar:6:    layout_grid_maze, nicolae_hells_fiendish_ambush
Tar:7:    tar_mu [tar_mu_maze]
Zot:1:    layout_gridville, hangedman_zot_decor_scrapings,
          lemuel_baited_zot_trap, st_small_dragon_hoard_2
Zot:2:    layout_twisted_circle
Zot:3:    layout_basic, gammafunk_ghost_grave, uniq_tiamat
Zot:4:    gammafunk_its_a_trap, layout_onion_interference, basic_altar
Zot:5:    layout_misc_corridors

Skill      XL: |  1  2  3  4  5  6  7  8  9 10 11 12 13 14 15 16 17 18 19 20 21 22 23 24 25 26 27 |
---------------+----------------------------------------------------------------------------------+-----
Earth Magic    | 4 5 6 8 10 12 16 21 24 | 24.0
Stealth        | 2 |  2.0
Spellcasting   | 3 4 5 6 8 12 14 15 16 18 20 23 25 27 | 27.0
Dodging        | 3 4 6 8 10 12 27 | 27.0
Transmutations | 2 4 12 | 12.0
Fighting       | 4 6 10 12 15 27 | 27.0
Shields        | 4 6 8 9 13 14 18 20 22 27 | 27.0
Armour         | 4 6 7 8 11 12 23 | 23.2
Throwing       | 6 12 18 | 18.0
Translocations | 1 6 |  6.0
Conjurations   | 6 12 | 12.0
Necromancy     | 8 12 18 | 18.0
Fire Magic     | 6 8 14 18 | 18.0
Long Blades    | 6 14 24 | 24.0
Invocations    | 18 | 18.0

Action                   |  1- 3 |  4- 6 |  7- 9 | 10-12 | 13-15 | 16-18 | 19-21 | 22-24 | 25-27 || total
-------------------------+-------+-------+-------+-------+-------+-------+-------+-------+-------++-------
Melee: Dagger            |     7 |       |     1 |       |    22 |   170 |   116 |    91 |   151 ||   558
       Broad axe         |       |       |       |       |    61 |       |       |       |       ||    61
       Knife             |       |       |       |       |       |       |       |       |    18 ||    18
       Demon blade       |       |       |       |       |       |       |       |       |  1986 ||  1986
Throw: Dart              |       |       |       |    10 |    59 |       |       |       |       ||    69
       Boomerang         |       |       |       |       |    11 |       |       |     7 |       ||    18
       Javelin           |       |       |       |       |       |    11 |    19 |       |    55 ||    85
 Cast: Sandblast         |    35 |   102 |   106 |   237 |   212 |   145 |    63 |     5 |    32 ||   937
       Passwall          |     9 |    64 |    31 |   163 |   192 |    52 |    68 |    46 |   468 ||  1093
       Stone Arrow       |       |     2 |    21 |    82 |   187 |   177 |    66 |    39 |    49 ||   623
       Apportation       |       |       |       |     4 |   111 |    84 |   105 |   100 |   271 ||   675
       Iron Shot         |       |       |       |       |    62 |    47 |    41 |    21 |   134 ||   305
       Borgnjor's Vile C |       |       |       |       |     4 |    67 |    38 |    11 |   125 ||   245
       Death Channel     |       |       |       |       |     7 |    38 |    31 |    33 |    80 ||   189
       Iskenderun's Myst |       |       |       |       |       |    20 |     3 |     8 |    28 ||    59
       Lee's Rapid Decon |       |       |       |       |       |     1 |    13 |    92 |   183 ||   289
       Ignition          |       |       |       |       |       |       |    76 |    83 |   297 ||   456
       Shatter           |       |       |       |       |       |       |       |       |   140 ||   140
       Necromutation     |       |       |       |       |       |       |       |       |   167 ||   167
       Lehudib's Crystal |       |       |       |       |       |       |       |       |    88 ||    88
       Infestation       |       |       |       |       |       |       |       |       |    20 ||    20
       Blink             |       |       |       |       |       |       |       |       |    17 ||    17
       Lesser Beckoning  |       |       |       |       |       |       |       |       |    11 ||    11
       Passage of Golubr |       |       |       |       |       |       |       |       |     7 ||     7
       Petrify           |       |       |       |       |       |       |       |       |     3 ||     3
Invok: Slouch            |       |       |       |       |       |       |       |       |     6 ||     6
       Step From Time    |       |       |       |       |       |       |       |       |     4 ||     4
 Abil: End Transformatio |       |       |       |       |       |       |       |       |    10 ||    10
Evoke: Wand              |       |       |    15 |    13 |    12 |       |     4 |       |     1 ||    45
       Lightning rod     |       |       |       |       |     4 |     4 |       |       |       ||     8
       Phial of floods   |       |       |       |       |     1 |       |       |       |       ||     1
       Phantom mirror    |       |       |       |       |       |       |       |       |     1 ||     1
       Condenser vane    |       |       |       |       |       |       |       |       |     1 ||     1
  Use: Scroll            |       |     5 |     7 |     7 |    12 |    11 |     2 |     6 |    58 ||   108
       Potion            |       |       |       |       |     2 |     3 |     3 |     2 |    18 ||    28
 Stab: Distracted        |       |       |       |       |       |     8 |     3 |     3 |    55 ||    69
       Petrified         |       |       |       |       |       |     2 |       |       |       ||     2
       Sleeping          |       |       |       |       |       |       |     2 |     1 |     7 ||    10
Armor: Robe              |     3 |    11 |    12 |     4 |    45 |   172 |    79 |    50 |    35 ||   411
       Leather armour    |       |       |       |    23 |       |       |       |       |       ||    23
       Steam dragon scal |       |       |       |    39 |       |       |       |       |       ||    39
       Troll leather arm |       |       |       |    29 |    57 |       |       |       |       ||    86
       Acid dragon scale |       |       |       |       |       |       |       |       |   436 ||   436
Dodge: Dodged            |    10 |    15 |    32 |   105 |   314 |   284 |   183 |   161 |  2289 ||  3393
Block: Buckler           |       |       |     4 |    49 |   125 |    60 |       |       |       ||   238
       Kite shield       |       |       |       |       |       |   309 |   361 |   135 |       ||   805
       Tower shield      |       |       |       |       |       |       |       |   195 |  5499 ||  5694
       Reflection        |       |       |       |       |       |       |       |       |   123 ||   123
